 Dungeon Crawl Stone Soup version 0.14-a0-2327-g5ff15cf (webtiles) character file.

660 Egon the Skirmisher (level 7, 61/61 HPs)
             Began as a Pale Draconian Berserker on Jan 29, 2014.
             Was an Elder of Trog.
             Quit the game on Level 4 of the Dungeon.
             The game lasted 00:07:03 (3234 turns).

Egon the Skirmisher (Pale Draconian Berserker)      Turns: 3234, Time: 00:07:03

HP  61/61        AC  7     Str 20      XL: 7   Next:  1%
MP   7/7         EV 20     Int  7      God: Trog [****..]
Gold 139         SH  0     Dex 17      Spells:  0 memorised,  6 levels left

rFire  . . .     SeeInvis .     a - +0 hand axe
rCold  . . .     Clarity  .     (armour unavailable)
rNeg   . . .     Conserve .     (no shield)
rPois  .         rCorr    .     (helmet restricted)
rElec  .         rRot     .     (no cloak)
SustAb . .       Spirit   .     (no gloves)
rMut   .         Warding  .     f - +0 pair of elf boots
Saprov . . .     Stasis   .     (no amulet)
MR     .....                    (no ring)
                                (no ring)

@: invisible, confused, agile, very slightly contaminated, not resistant to
hostile enchantments, fairly stealthy
A: breathe steam, unfitting armour, AC +6
a: Breathe Steam, Burn Spellbooks, Berserk, Trog's Hand, Brothers in Arms,
Renounce Religion


You were on level 4 of the Dungeon.
You worshipped Trog.
Trog was greatly pleased with you.
You were not hungry.

You visited 1 branch of the dungeon, and saw 4 of its levels.

You collected 139 gold pieces.

Inventory:

Hand weapons
 a - a +0,+0 hand axe (weapon)
Armour
 f - a +0 pair of elven boots (worn)
Comestibles
 c - 2 bread rations
 k - 2 pears
 w - a chunk of orc flesh
Scrolls
 b - 7 scrolls of identify {unknown}
 d - a scroll of magic mapping {unknown}
 h - a scroll of recharging {unknown}
 i - a scroll of fear {unknown}
 l - 2 scrolls of remove curse {unknown}
 m - a scroll of random uselessness {unknown}
 n - 2 scrolls of curse weapon {unknown}
 r - a scroll of enchant weapon II {unknown}
 s - a scroll of enchant weapon I {unknown}
 t - 3 scrolls of fog {unknown}
Jewellery
 g - an uncursed ring of fire
Potions
 e - 3 potions of heal wounds


   Skills:
 + Level 5.5 Fighting
 + Level 5.4 Axes
 + Level 4.5 Dodging


You had 6 spell levels left.
You didn't know any spells.

Dungeon Overview and Level Annotations

Branches:
Dungeon (4/16)
 Temple: D:4-7

Altars:
Cheibriados
Dithmengos


Message History

Drink which item? (? for menu, Esc to quit)
You feel much better.
It was a potion of heal wounds.
Drink which item? (? for menu, Esc to quit)
You feel agile all of a sudden.
It was a potion of agility.
Drink which item? (? for menu, Esc to quit)
That liquid tasted very nasty...
You are poisoned.
It was a potion of poison.
You feel sick.
Drink which item? (? for menu, Esc to quit)
You feel better.
It was a potion of curing.
Drink which item? (? for menu, Esc to quit)
You fade into invisibility!
It was a potion of invisibility.
You are very lightly contaminated with residual magic.
Drink which item? (? for menu, Esc to quit)
You are confused.
It was a potion of confusion.
Drink which item? (? for menu, Esc to quit)
It has a very clean taste.
It was a potion of cure mutation.
Are you sure you want to abandon this character and quit the game? (Confirm with "yes".)

###############
...............
...............
........%........
.........@........
...................
....................
......(..............
..................... .
......................
........................
.
.......................
..
......................
...


There were no monsters in sight!

Vanquished Creatures
  Grinder (D:3)
  A gnoll shaman (D:4)
  A scorpion (D:4)
  2 worker ants
  Jessica (D:3)
  4 adders
  4 gnolls (D:4)
  A shadow imp (D:4)
  A worm (D:2)
  A giant mite (D:3)
  An adder skeleton (D:4)
  3 giant geckos
  7 orcs
  7 bats
  7 giant cockroaches
  6 goblins
  7 hobgoblins
  3 jackals (D:3)
  5 kobolds
  6 giant newts
  A hobgoblin skeleton (D:4)
  A quokka (D:3)
  7 rats
78 creatures vanquished.

Notes
Turn   | Place    | Note
--------------------------------------------------------------
     0 | D:1      | Egon, the Draconian Berserker, began the quest for the Orb.
     0 | D:1      | Reached XP level 1. HP: 19/19 MP: 1/1
   175 | D:1      | Reached XP level 2. HP: 26/26 MP: 2/2
   676 | D:1      | Acquired Trog's second power
  1155 | D:2      | Reached XP level 3. HP: 14/33 MP: 3/3
  1841 | D:3      | Reached skill level 4 in Axes
  1859 | D:3      | Noticed Grinder
  1874 | D:3      | Killed Grinder
  1874 | D:3      | Reached XP level 4. HP: 26/41 MP: 4/4
  1874 | D:3      | Reached XP level 5. HP: 29/47 MP: 5/5
  1874 | D:3      | Reached XP level 6. HP: 33/55 MP: 6/6
  2102 | D:3      | Noticed Jessica
  2114 | D:3      | Killed Jessica
  2114 | D:3      | Reached skill level 5 in Fighting
  2195 | D:3      | Reached skill level 5 in Axes
  2981 | D:4      | Found a snail-covered altar of Cheibriados.
  2988 | D:4      | Found a shadowy altar of Dithmengos.
  3158 | D:4      | Acquired Trog's third power
  3226 | D:4      | Your scales start fading to a pale cyan-grey colour.
  3226 | D:4      | Reached XP level 7. HP: 58/61 MP: 7/7
  3234 | D:4      | Quit the game

Action                   |  1- 3 |  4- 6 |  7- 9 || total
-------------------------+-------+-------+-------++-------
Melee: Hand axe          |   142 |   150 |       ||   292
Invok: Berserk           |     2 |     1 |       ||     3
       Trog's Hand       |       |     3 |       ||     3
  Use: Potion            |       |       |     7 ||     7
 Stab: Sleeping          |     2 |       |       ||     2
